Map: Эфемерон РВ

Players

Stak

  • Race: Terran Terran
  • League: Diamond
  • Spawn Location: 11:00

DocTor - Winner!

  • Race: Zerg Zerg
  • League: Diamond
  • Spawn Location: 5:00

VOD

Have the link to the VOD?

Description

Time

  • Played on: Oct. 30, 2019, 2:49 p.m.
  • Length: 16:08
Show
View Real Time Build Order
Export as new Build Order

Stak Terran 

Build Orders: Reaper Expand 

Get SALT Encoding   

  12  0:00  SCV  
  13  0:13  SCV  
  14  0:17  Supply Depot  
  14  0:27  SCV  
  15  0:39  Barracks  
  15  0:41  SCV  
  16  0:45  Refinery  
  16  0:53  SCV  
  17  1:05  SCV  
  18  1:25  Orbital Command  
  18  1:27  Reaper  
  19  1:40  Command Center  
  19  1:54  SCV  
  19  1:59  Barracks  
  20  2:03  Barracks Reactor  
  20  2:08  Supply Depot  
  20  2:09  SCV  
  21  2:16  Refinery  
  21  2:28  Factory  
  21  2:29  SCV  
  22  2:45  SCV  
  22  2:46  Marine  
  24  2:53  Barracks Tech Lab  
  24  2:57  Marine  
  26  3:04  Orbital Command  
  24  3:11  Marine  
  25  3:14  Marine  
  25  3:15  Starport, SCV  
  26  3:27  Marine  
  26  3:29  Factory Reactor  
  27  3:39  SCV x2  
  29  3:52  Marine x2  
  29  3:54  Marine, Stimpack  
  32  3:59  SCV x2  
  34  4:11  Marine, SCV  
  36  4:17  SCV  
  36  4:18  Engineering Bay  
  36  4:20  Medivac x2  
  36  4:21  Marine x2  
  36  4:24  Supply Depot  
  43  4:28  Marine, SCV  
  45  4:35  Factory Tech Lab  
  45  4:37  SCV  
  46  4:45  Marine, SCV  
  48  4:46  Supply Depot  
  48  4:49  Terran Infantry Weapons Level 1  
  48  4:50  Supply Depot, Marine  
  48  4:51  Marine  
  50  4:59  Siege Tank  
  54  5:00  SCV  
  54  5:05  Supply Depot  
  54  5:08  Marine x2, SCV  
  57  5:14  Medivac, Marine  
  57  5:16  SCV  
  61  5:22  SCV  
  61  5:25  Marine  
  61  5:26  Marine  
  64  5:30  Supply Depot  
  64  5:32  Marine  
  65  5:37  Supply Depot  
  65  5:43  Marine  
  56  6:16  Marine x3  
  49  6:24  Supply Depot, Refinery, SCV x2  
  49  6:25  Supply Depot, Refinery, Command Center  
  48  6:26  Medivac x2  
  48  6:31  Barracks  
  48  6:32  Barracks  
  52  6:34  Barracks, Marine x2  
  52  6:36  SCV  
  55  6:54  Marine x3  
  55  6:57  SCV x2  
  55  6:58  Siege Tank  
  55  7:00  Supply Depot  
  55  7:01  Supply Depot, Liberator  
  66  7:04  Terran Infantry Armor Level 1  
  66  7:09  SCV x2  
  66  7:11  Marine  
  66  7:12  Marine x2  
  71  7:21  Barracks Reactor  
  71  7:22  Barracks Reactor  
  71  7:23  Barracks Reactor  
  71  7:26  Command Center  
  71  7:29  SCV  
  72  7:32  Armory  
  72  7:41  Marine  
  72  7:42  Marine x2  
  72  7:43  Orbital Command  
  74  7:59  Marine x3  
  76  8:08  Marine x4  
  80  8:13  Marine x2  
  80  8:17  Marine  
  80  8:19  Marine x2  
  81  8:26  Marine  
  82  8:29  Marine x3  
  82  8:30  Marine  
  86  8:36  Marine x2, SCV x2  
  90  8:42  Engineering Bay, Terran Vehicle Weapons Level 1  
  90  8:51  Orbital Command  
  90  8:52  Orbital Command  
  90  8:53  Marine x2  
  90  8:55  Marine x3, Siege Tank  
  96  8:59  Factory, Marine x2  
  96  9:00  Factory, Starport  
  96  9:01  Combat Shield  
  96  9:02  Sensor Tower  
  97  9:11  Marine x4  
  101  9:21  SCV  
  101  9:23  SCV  
  103  9:36  Ghost Academy, Terran Infantry Armor Level 2, Terran Infantry Weapons Level 2  
  103  9:37  Sensor Tower  
  103  9:38  SCV  
  104  9:49  Marine x8  
  104  9:50  Marine, Siege Tank  
  116  9:58  SCV x2  
  116  9:59  SCV  
  119  10:10  SCV x2  
  112  10:21  Orbital Command  
  112  10:23  Widow Mine  
  108  10:36  Marine x9  
  108  10:41  Factory Tech Lab  
  108  10:42  Factory Tech Lab  
  117  10:44  Widow Mine  
  119  10:52  Supply Depot, SCV x2  
  119  10:53  Supply Depot  
  119  10:54  Supply Depot, Marine x2  
  119  10:57  SCV x2  
  125  11:08  Marine x7  
  125  11:10  Siege Tank x3  
  141  11:11  Medivac x2, Marine  
  141  11:12  Marine  
  141  11:14  Personal Cloaking  
  147  11:19  Starport Tech Lab  
  147  11:21  SCV  
  147  11:22  Barracks  
  147  11:23  Barracks  
  147  11:24  Barracks, Command Center  
  148  11:25  Marine  
  148  11:30  Marine  
  148  11:31  Marine x7  
  157  11:43  Marine  
  158  11:48  Marine x5  
  158  11:49  Marine  
  164  12:11  Marine  
  164  12:12  Marine x2  
  167  12:16  Marine  
  167  12:17  Marine x5  
  167  12:18  Siege Tank x2  
  179  12:28  Terran Infantry Weapons Level 3  
  179  12:29  Supply Depot, Terran Infantry Armor Level 3, Marine  
  180  12:32  Supply Depot  
  180  12:34  Marine  
  180  12:35  Marine x4, Siege Tank  
  160  12:54  Marine x7  
  160  12:55  Marine x2  
  160  12:57  Planetary Fortress  
  169  12:59  SCV  
  169  13:00  SCV x3  
  149  13:11  SCV  
  149  13:12  Marine x7  
  108  13:34  Fusion Core  
  108  13:37  Starport, Barracks Tech Lab x2  
  108  13:38  Marine x10  
  108  13:39  Siege Tank x3  
  127  13:55  Marine  
  127  13:56  Marine x5  
  133  14:09  Marine x3  
  134  14:10  Marine x2  
  134  14:13  Marine  
  134  14:14  Marine  
  140  14:19  SCV x3  
  140  14:21  Refinery  
  140  14:22  Refinery  
  143  14:25  Command Center, Barracks Tech Lab  
  143  14:27  Ghost x2  
  143  14:28  Command Center  
  143  14:30  Command Center  
  124  14:55  Marine x7  
  88  15:02  Marine x5  
  88  15:03  Siege Tank x3  
  88  15:06  Medivac  
  88  15:07  Medivac  
  106  15:12  Marine  
  106  15:13  Marine x4  
  97  15:35  Siege Tank  
  100  15:49  Marine x11  
Show
View Real Time Build Order
Export as new Build Order

DocTor Zerg - Winner!

Build Orders: Hatch First 

Get SALT Encoding   

  12  0:02  Drone  
  13  0:12  Overlord  
  13  0:16  Drone  
  14  0:30  Drone x2  
  16  0:48  Hatchery  
  15  0:52  Drone  
  15  0:55  Drone  
  17  0:59  Drone  
  17  1:01  Extractor  
  17  1:15  Spawning Pool  
  17  1:18  Drone  
  17  1:21  Drone  
  18  1:28  Drone  
  19  1:42  Overlord  
  19  2:03  Queen x2  
  19  2:04  Zergling x4  
  19  2:06  Drone  
  26  2:11  Metabolic Boost  
  26  2:17  Drone x2  
  26  2:22  Drone  
  29  2:23  Drone  
  30  2:42  Spore Crawler  
  30  2:44  Drone x4  
  33  2:55  Queen  
  35  3:00  Drone  
  36  3:08  Hatchery  
  36  3:09  Overlord  
  35  3:17  Overlord  
  35  3:29  Drone x4  
  35  3:30  Drone x5  
  43  3:44  Drone x2  
  44  4:00  Baneling Nest  
  43  4:03  Drone x4  
  43  4:07  Drone  
  43  4:08  Drone x4  
  43  4:09  Overlord  
  52  4:16  Overlord  
  52  4:20  Zergling x4  
  54  4:33  Zergling x8  
  54  4:34  Zergling x4  
  54  4:38  Lair  
  60  4:41  Extractor, Drone x3  
  60  4:42  Extractor, Drone x2  
  63  4:46  Spore Crawler  
  63  4:48  Spore Crawler x2, Drone  
  63  4:51  Queen x2  
  65  4:56  Drone x5  
  70  5:01  Drone x2  
  70  5:05  Drone  
  70  5:06  Drone  
  74  5:09  Overlord x2  
  74  5:10  Overlord  
  74  5:17  Overlord  
  74  5:20  Overlord  
  74  5:26  Overlord  
  74  5:29  Zergling x12  
  74  5:35  Queen x2  
  80  5:37  Drone x4  
  80  5:38  Centrifical Hooks  
  80  5:41  Drone  
  80  5:42  Drone  
  90  5:49  Zergling x6  
  86  5:50  Zergling x2  
  86  5:56  Zergling x8  
  81  5:59  Zergling x6  
  81  6:00  Zergling x2  
  73  6:08  Zergling x4  
  64  6:12  Zergling x2  
  61  6:19  Overseer, Queen  
  61  6:20  Drone  
  61  6:21  Drone x4  
  61  6:24  Overseer  
  68  6:28  Drone x4  
  68  6:32  Queen x2  
  76  6:40  Zergling x2  
  76  6:41  Zergling x4  
  76  6:42  Drone x2  
  81  6:47  Zergling x2  
  82  6:54  Evolution Chamber  
  82  6:55  Drone x3  
  82  6:57  Evolution Chamber  
  82  6:58  Baneling  
  83  7:07  Zergling x10, Hatchery  
  87  7:14  Hatchery  
  86  7:20  Zerg Melee Weapons Level 1  
  86  7:21  Zergling x6  
  89  7:29  Zergling x16  
  97  7:42  Drone x3  
  100  7:47  Extractor, Hydralisk Den  
  100  7:48  Zerg Ground Armor Level 1  
  98  7:51  Infestation Pit  
  92  8:01  Drone  
  92  8:02  Drone x8  
  95  8:10  Drone x2  
  97  8:14  Drone  
  97  8:19  Hydralisk x2  
  96  8:23  Hydralisk x2  
  96  8:26  Hydralisk x4  
  99  8:31  Drone x2  
  103  8:37  Drone x3  
  103  8:39  Extractor  
  103  8:40  Drone  
  106  8:41  Queen  
  106  8:46  Drone x5  
  113  8:51  Drone x2  
  113  8:52  Drone  
  113  8:53  Drone  
  113  8:55  Spore Crawler  
  116  8:57  Hive, Muscular Augments  
  116  8:58  Pathogen Glands  
  116  9:00  Drone  
  116  9:02  Overlord x2  
  117  9:08  Baneling x6  
  117  9:11  Overlord x4  
  117  9:21  Hydralisk x3  
  117  9:23  Overlord  
  123  9:24  Queen  
  123  9:25  Queen x3  
  131  9:44  Zergling x2  
  131  9:45  Zergling x32  
  148  9:46  Extractor x2  
  148  9:48  Extractor  
  148  9:49  Zerg Melee Weapons Level 2  
  145  10:01  Pneumatized Carapace  
  145  10:27  Hydralisk x6  
  145  10:28  Hydralisk x3  
  161  10:30  Zergling x18  
  170  10:38  Hydralisk  
  170  10:40  Overlord  
  170  10:41  Overlord x2  
  172  10:44  Baneling x11  
  172  10:51  Overlord  
  172  10:59  Grooved Spines, Neural Parasite  
  172  11:02  Overlord  
  172  11:17  Spore Crawler  
  171  11:18  Spore Crawler  
  171  11:19  Spore Crawler  
  171  11:22  Spore Crawler  
  171  11:23  Zergling x2  
  171  11:24  Zergling x38, Spore Crawler  
  187  11:26  Infestor x4  
  177  12:01  Infestor x3  
  177  12:02  Infestor  
  177  12:05  Baneling x8  
  177  12:06  Baneling x2  
  185  12:22  Zergling x28  
  199  12:23  Zergling x2  
  193  12:40  Zergling x14  
  193  12:42  Overlord x2  
  190  12:56  Spore Crawler  
  156  13:12  Zergling x44  
  148  13:17  Zergling x2  
  133  13:24  Zergling x2  
  133  13:25  Zergling x6  
  137  13:31  Zerg Melee Weapons Level 3, Zerg Ground Armor Level 2  
  137  13:35  Spire  
  137  13:36  Adrenal Glands  
  137  13:38  Baneling x15  
  137  13:39  Zergling x14  
  143  13:42  Zergling x2  
  143  13:43  Infestor  
  146  13:52  Queen  
  148  13:56  Zergling x22  
  159  14:09  Zergling x18  
  168  14:22  Baneling x8  
  168  14:23  Zergling x14  
  175  14:25  Baneling x6  
  175  14:50  Hatchery  
  149  14:58  Zergling x2  
  149  14:59  Zergling x28  
  147  15:06  Baneling  
  147  15:07  Baneling x3  
  147  15:18  Zergling x14  
  147  15:19  Zergling x6  
  144  15:29  Zergling x10  
  144  15:32  Baneling x8  
  144  15:34  Zergling x2  
  148  15:39  Drone  
Tags
 
Add a new tag
Caveats
  • Supply blocks, unpowered buildings, or Contaminate may cause inaccurate times.
  • Supply counts are checked every 10 seconds.